 Dungeon Crawl Stone Soup version 0.30-a0-782-ge64f9170bb (console) character file.

Game seed: 15560958585829323053

100 utis the Chiller (level 4, 0/28 HPs)
             Began as a Tengu Wanderer on Mar 17, 2023.
             Slain by Terence
             ... wielding a +0 mace
              (10 damage)
             ... on level 2 of the Dungeon.
             The game lasted 00:07:52 (2439 turns).

utis the Chiller (Tengu Wanderer)                   Turns: 2439, Time: 00:07:52

Health: 0/28       AC:  7    Str: 14    XL:     4   Next: 73%
Magic:  6/6        EV: 11    Int: 14    God:
Gold:   94         SH:  0    Dex: 12    Spells: 1/5 levels left

rFire   . . .      SeeInvis .    h - +0 spear
rCold   . . .      Faith    .    m - orb {light}
rNeg    . . .      Spirit   .    r - +0 ring mail
rPois   .          Reflect  .    n - +1 hat
rElec   .          Harm     .    i - +0 cloak
rCorr   .          Rampage  .    (no gloves)
Will    .....                    (boots unavailable)
Stlth   +                        (no amulet)
HPRegen 0.24/turn                (no ring)
MPRegen 0.10/turn                (no ring)

@: about to teleport, flying, glowing
A: beak, talons 3
a: no special abilities


You were on level 2 of the Dungeon.
You visited 1 branch of the dungeon, and saw 2 of its levels.

You collected 94 gold pieces.

Inventory:

Hand Weapons
 a - a +0 hand axe
 c - a +0 dagger
 h - a +0 spear (weapon)
 j - a +0 flail
Missiles
 b - 12 poisoned darts
 f - 2 stones (quivered)
 s - a throwing net {=f}
Armour
 e - a +0 leather armour
 i - a +0 cloak (worn)
 m - an orb of light (worn)
 n - a +1 hat (worn)
 r - a +0 ring mail (worn)
Scrolls
 d - a scroll of vulnerability
 k - a scroll of poison {unknown}
 o - 2 scrolls of identify {unknown}
 t - a scroll of silence {unknown}
Potions
 p - a potion of curing {@q1}


   Skills:
 + Level 3.1 Fighting
 - Level 1.1 Axes
 - Level 2.0 Throwing
 + Level 3.1 Dodging
 - Level 1.0 Spellcasting
 - Level 4.5 Ice Magic


You had one spell level left.
You knew the following spells:

 Your Spells              Type           Power      Damage    Failure   Level
o - Ozocubu's Armour      Ice            13%        N/A       26%         3
z - Freeze                Ice            52%        1d6       9%          1

Your spell library contained the following spells:

 Spells                   Type           Power      Damage    Failure   Level
 Hailstorm                Conj/Ice       7%         3d4       54%         3
 Ozocubu's Refrigeration  Ice            6%         4d8       100%        7


Dungeon Overview and Level Annotations

Branches:
Dungeon (2/15)

Altars:

Annotations:
D:2 Terence


Innate Abilities, Weirdness & Mutations

You have a beak for a mouth.
You have claws for feet.


Message History

Your transformation is almost over.
Terence barely misses you.
You hit Terence.
Terence is lightly wounded.
Terence hits you but does no damage.
You hit Terence but do no damage.
Terence is lightly wounded.
Terence hits you but does no damage.
You hit Terence but do no damage.
Terence is lightly wounded.
Terence hits you with a +0 mace.
* * * LOW HITPOINT WARNING * * *
Terence hits you with a +0 mace.
* * * LOW HITPOINT WARNING * * *
You hit Terence but do no damage.
Terence is lightly wounded.
Terence hits you but does no damage.
You hit Terence.
Terence is moderately wounded.
Terence hits you but does no damage.
It was a potion of curing.
You feel better. Terence hits you but does no damage.
It was a potion of heal wounds.
You feel much better.
You feel less wooden.
Your +0 cloak unmelds from your body.
Your +1 hat unmelds from your body.
Your +0 ring mail unmelds from your body.
Terence hits you with a +0 mace!
It was a potion of flight.
You feel very buoyant.
You fly up into the air.
Terence hits you with a +0 mace.
* * * LOW HITPOINT WARNING * * *
You hit Terence but do no damage. You claw Terence, but do no damage.
Terence is moderately wounded.
Terence hits you with a +0 mace.
* * * LOW HITPOINT WARNING * * *
Terence attacks as you move away! Terence closely misses you.
Terence attacks as you move away! Terence hits you with a +0 mace.
* * * LOW HITPOINT WARNING * * *
As you read the scroll of teleportation {@r4}, it crumbles to dust.
You feel strangely unstable. Terence hits you with a +0 mace!
You die...

░░ ░░░░░░░.....░░░░......░░
░░ ░░░░░.......░░░.░
░......░░░░░░░ ......░░░░░░░
░.░ ░......░░..... ..░░..░░
░.░ ░░░░░..8░░░░░░
.......░░░░░░░░.░░░░░░░░..░░
...░░░....................░
...░ ░░░░░░░░░░░..........░░
..░░ ░.░8░░░8░░░⌠░ ..░
░░░Q░░░ ░░░ ░░░ ..░ ░..@░
..░░░░ ░░.░.░ ..[..░░ ░..░.░
..░░..░░░░░░░.░░.░
░░░░░....░░...░░.░
░░░░....░░░░†░ .. ░...░░░░
░.░░ ░░░░░.░ .. ░....░
░..░░░.....░ ░.


You could see Terence (strong).

Vanquished Creatures
  Natasha (D:2)
  An adder (D:2)
  A gnoll (D:1)
  3 worms (D:2)
  A dart slug (D:2)
  5 bats
  6 endoplasms
  5 hobgoblins
  4 kobolds
  4 quokkas
  8 ball pythons
  2 frilled lizards (D:1)
  3 goblins
  2 rats
46 creatures vanquished.

Notes
Turn   | Place    | Note
-------+----------+-------------------------------------------
     0 | D:1      | utis the Tengu Wanderer began the quest for the Orb.
     0 | D:1      | utis set off with the following items: a +0 hand axe, 8
                  | poisoned darts, a +0 dagger, a scroll of vulnerability, a
                  | +0 leather armour; and the following spell memorised:
                  | Freeze; and the following spells available to memorise:
                  | Ozocubu's Armour, Hailstorm.
     0 | D:1      | Reached XP level 1. HP: 12/12 MP: 3/3
   153 | D:1      | Reached skill level 1 in Dodging
   208 | D:1      | Reached XP level 2. HP: 16/16 MP: 4/4
   532 | D:1      | Reached XP level 3. HP: 18/21 MP: 5/5
  1964 | D:2      | Reached XP level 4. HP: 27/27 MP: 6/6
  2031 | D:2      | Learned a level 3 spell: Ozocubu's Armour
  2373 | D:2      | Noticed Terence
  2396 | D:2      | Noticed Natasha
  2423 | D:2      | Killed Natasha
  2439 | D:2      | Slain by Terence

Illustrated notes

Levels and vault maps discovered:
D:1:      dpeg_arrival_lava_temple_mockup, layout_loops_ring
D:2:      layout_rooms, serial_corexii_hall, chequers_hall_statues_corner_a,
          corexii_hall_statues_x, uniq_natasha, uniq_terence

Skill      XL: |  1  2  3  4 |
---------------+-------------+-----
Dodging        | 1 2 3 |  3.1
Fighting       | 2 3 |  3.1
Axes           | |  1.1
Throwing       | |  2.0
Spellcasting   | |  1.0
Ice Magic      | |  4.5

Action                     |  1- 3 |  4- 6 || total
---------------------------+-------+-------++-------
  Melee: Hand axe          |    13 |       ||    13
         Peck              |    14 |     6 ||    20
         Kick              |    20 |    11 ||    31
         Spear             |    71 |    35 ||   106
  Throw: Stone             |     6 |     1 ||     7
   Cast: Freeze            |     1 |       ||     1
         Ozocubu's Armour  |       |     1 ||     1
    Use: Scroll            |     1 |     1 ||     2
         Potion            |       |     3 ||     3
   Stab: Sleeping          |     2 |       ||     2
 Armour: Leather armour    |    17 |       ||    17
         Skin              |       |    10 ||    10
         Ring mail         |       |     2 ||     2
  Dodge: Dodged            |    34 |    15 ||    49

Table legend: (Time is in decaauts)
 A = Elapsed time spent in this place.
 B = Non-inter-level travel time spent in this place.
 C = Inter-level travel time spent in this place.
 D = Time resting spent in this place.
 E = Time spent auto-exploring this place.
 F = Levels seen in this place.
 G = Mean time per level.
                   A        B        C        D        E       F      G
               +--------+--------+--------+--------+--------+-----+--------+
         Total |   2451 |   2216 |    235 |    435 |   1224 |   2 | 1225.5 |
       Dungeon |   2451 |   2216 |    235 |    435 |   1224 |   2 | 1225.5 |
               +--------+--------+--------+--------+--------+-----+--------+

Top non-repeatable levels by time:
     D:1: 1372 daAuts
     D:2: 1079 daAuts
